 Dungeon Crawl Stone Soup version 0.28-a0-706-gf6f64a616a (webtiles) character file.

Game seed: 5150071868572381954

18405 pokeman the Eclecticist (level 12, -31/66 HPs)
             Began as a Deep Elf Hedge Wizard on Oct 24, 2021.
             Was a High Priest of Vehumet.
             Killed from afar by a frost giant (45 damage)
             ... with a bolt of cold
             ... in an ice cave.
             The game lasted 00:45:20 (16212 turns).

pokeman the Eclecticist (Deep Elf Hedge Wizard)    Turns: 16212, Time: 00:45:21

Health: -31/66     AC: 11    Str:  7    XL:     12   Next: 27%
Magic:  22/35      EV: 12    Int: 25    God:    Vehumet [*****.]
Gold:   1088       SH:  6    Dex: 18    Spells: 21/45 levels left

rFire   . . .      SeeInvis +   P - staff of conjuration
rCold   . . .      Faith    .   F - +0 buckler
rNeg    . . .      Spirit   .   p - +3 leather armour "Udilec" {Dex+4}
rPois   .          Reflect  .   o - +0 helmet
rElec   .          Harm     .   (no cloak)
rCorr   .          Rampage  .   (no gloves)
Will    +....                   (no boots)
Stlth   ++........              e - amulet of the acrobat
HPRegen 0.21/turn               i - +4 ring of protection
MPRegen 0.24/turn               u - ring of see invisible

@: no status effects
A: no striking features
a: Renounce Religion


You were in an ice cave.
You worshipped Vehumet.
Vehumet was extremely pleased with you.
You visited 1 branch of the dungeon, and saw 11 of its levels.
You also visited: Ossuary and Ice Cave.

You collected 1088 gold pieces.

Inventory:

Hand Weapons
 I - a +4 flail of holy wrath
 U - a +0 shortbow
 W - a +0 arbalest
Missiles
 j - 281 arrows
 m - 107 bolts
 H - a throwing net
Armour
 o - a +0 helmet (worn)
 p - the +3 leather armour "Udilec" (worn) {Dex+4}
   (You found it on level 4 of the Dungeon)

   Dex:       It affects your dexterity (+4).
 F - a +0 buckler (worn)
 G - the +4 ring mail "Gudemmie" {Will- Str+4 Int+10}
   (You found it on level 7 of the Dungeon)

   Str:       It affects your strength (+4).
   Int:       It affects your intelligence (+10).
   Will:      It decreases your willpower.
Magical Staves
 P - a staff of conjuration (weapon)
Jewellery
 e - an amulet of the acrobat (around neck)
 i - a +4 ring of protection (left hand)
 u - a ring of see invisible (right hand)
 y - a ring of protection from cold
 B - a ring of protection from fire
 D - a +4 ring of evasion
 S - a ring of flight
 V - a ring of ice
Wands
 t - a wand of polymorph (2)
 w - a wand of iceblast (4)
 x - a wand of acid (14)
Scrolls
 f - 2 scrolls of amnesia
 g - 2 scrolls of fear
 s - 3 scrolls of enchant armour
 A - 2 scrolls of fog
 C - a scroll of holy word
 J - 4 scrolls of teleportation {unknown}
 K - a scroll of torment {unknown}
 Q - a scroll of brand weapon {unknown}
 R - a scroll of blinking {unknown}
 X - a scroll of magic mapping {unknown}
Potions
 a - 3 potions of haste {unknown}
 b - 2 potions of heal wounds
 d - 6 potions of curing
 k - 2 potions of invisibility {unknown}
 l - 2 potions of lignification {unknown}
 n - 7 potions of magic {unknown}
 q - 2 potions of degeneration {unknown}
 r - 2 potions of brilliance {unknown}
 v - 2 potions of flight {unknown}
 z - a potion of attraction {unknown}
 E - 2 potions of might
 L - a potion of ambrosia {unknown}
 M - a potion of cancellation {unknown}
 N - a potion of berserk rage {unknown}
 O - a potion of resistance {unknown}
 T - a potion of mutation {unknown}


   Skills:
 - Level 4.0 Fighting
 + Level 3.8 Armour
 - Level 3.2 Dodging
 - Level 3.0 Stealth
 - Level 4.5 Shields
 * Level 17.0 Spellcasting
 + Level 10.1 Conjurations
 - Level 1.1 Summonings
 - Level 1.2 Necromancy
 - Level 1.1 Translocations
 + Level 9.5 Fire Magic
 - Level 1.0 Air Magic
 - Level 1.0 Poison Magic
 - Level 1.2 Evocations


You had 21 spell levels left.
You knew the following spells:

 Your Spells              Type           Power      Damage    Failure   Level
a - Magic Dart            Conj           100%       1d8       1%          1
b - Mephitic Cloud        Conj/Pois/Air  58%        N/A       1%          3
c - Call Imp              Summ           26%        N/A       3%          2
d - Blink                 Tloc           52%        N/A       3%          2
e - Conjure Flame         Conj/Fire      81%        6-21      1%          3
f - Foxfire               Conj/Fire      100%       2x1d9     1%          1
g - Flame Wave            Conj/Fire      81%        3d14      1%          4
h - Lightning Bolt        Conj/Air       32%        1d50      2%          5
i - Swiftness             Air            26%        N/A       7%          3

Your spell library contained the following spells:

 Spells                   Type           Power      Damage    Failure   Level
 Shock                    Conj/Air       100%       1d9       1%          1
 Static Discharge         Conj/Air       65%        N/A       1%          2
 Hailstorm                Conj/Ice       63%        3d13      1%          4
 Slow                     Hex            21%        N/A       5%          2
 Airstrike                Air            13%        N/A       6%          4
 Ice Form                 Ice/Tmut       21%        N/A       34%         4
 Simulacrum               Ice/Necr       12%        N/A       99%         6
 Maxwell's Capacitive Co  Air            13%        ∞         100%        8


Dungeon Overview and Level Annotations

Branches:
Dungeon (11/15)            Temple (0/1) D:6            Lair (0/6) D:11
    Orc (0/2) D:10        Ossuary (visited)           IceCv (1/1)

Altars:
Ashenzari
Cheibriados
Elyvilon
Fedhas
Kikubaaqudgha
Nemelex Xobeh
Ru
Trog
Uskayaw
Vehumet
Wu Jian
Yredelemnul
Zin

Annotations:
D:10 exclusion: orange crystal statue


Message History

Unknown command.
Casting: Mephitic Cloud (safe; 1% risk of failure)
Confirm with . or Enter, or press ? or * to list all spells.
Okay, then.
The frost giant is engulfed in noxious fumes.
The frost giant is engulfed in blazing flames.
Casting: Mephitic Cloud (safe; 1% risk of failure)
Confirm with . or Enter, or press ? or * to list all spells.
You feel a surge of power!
The fire begins to smoulder!
The frost giant is engulfed in blazing flames.
The frost giant points at you and mumbles some strange words.
The bolt of cold hits you!!
Unknown command.
The fire ignites!
Casting: Conjure Flame (safe; 1% risk of failure)
Confirm with . or Enter, or press ? or * to list all spells.
You feel a surge of power!
The fire begins to smoulder!
The fire ignites!
The frost giant is engulfed in blazing flames.
The frost giant is engulfed in blazing flames.
The frost giant points at you and mumbles some strange words.
The bolt of cold hits you!!
* * * LOW HITPOINT WARNING * * *
The frost giant is engulfed in blazing flames.
The frost giant gestures at you while chanting.
The bolt of cold misses you.
The frost giant is engulfed in blazing flames.
Casting: Conjure Flame (safe; 1% risk of failure)
Confirm with . or Enter, or press ? or * to list all spells.
Aiming: Mephitic Cloud (safe; 1% risk of failure)
Press: ? - help, Shift-Dir - straight line, f/p - frost giant
Aim: a frost giant, wielding a +2 battleaxe of freezing (severely wounded, chance to affect: 24%)
You feel a surge of power!
The ball explodes into a vile cloud!
The stinking cloud engulfs the frost giant but does no damage.
The frost giant is severely wounded.
The frost giant is engulfed in noxious fumes.
The frost giant casts a spell at you. The bolt of cold hits you!!!
Ouch! That really hurt!
You die...

##..# ##
#..## .#
#§## .##
#.§# ..#
#§C##
###
##.§# #
#..# #
##.## #
#@.# #
#..# ###
##.#
#.##
#..#
##..#
#..#
#...##
##..#
.....##
#..##
....÷.##
#.##
...##.÷#
##.#


You could see a frost giant.

Vanquished Creatures
  Josephine (D:10)
  Harold (D:7)
  Fannar (D:10)
  6 death yaks (IceCv)
  An ice statue (IceCv)
  5 rime drakes (IceCv)
  Psyche (D:10)
  2 trolls (D:9)
  4 polar bears (IceCv)
  Grinder (D:6)
  Prince Ribbit (D:6)
  A hornet (D:10)
  A meliai zombie (D:11)
  A shadow (D:11)
  17 yaks
  A vampire (D:11)
  3 wraiths
  Menkaure (D:6)
  An ice beast (D:6)
  An orc warrior (D:9)
  2 black bears (D:6)
  3 sky beasts
  2 hornet zombies
  A necrophage (D:7)
  8 wolves (IceCv)
  7 centaurs
  3 kobold brigands
  2 gnoll sergeants
  3 bullfrogs
  6 scorpions
  13 killer bees
  5 wights (D:8)
  6 electric eels (D:6)
  4 howler monkeys
  3 bullfrog zombies
  4 centaur zombies
  9 crimson imps (D:9)
  A bullfrog skeleton (D:2)
  2 hounds (D:4)
  2 gnoll shamans
  A jelly (D:4)
  4 orc priests
  Ijyb (D:5)
  A centaur skeleton (D:7)
  3 iguanas
  5 orc wizards
  A scorpion zombie (D:5)
  A killer bee zombie (D:6)
  A hound zombie (D:5)
  A hound skeleton (D:4)
  2 mummies
  Robin (D:3)
  5 adders
  15 gnolls
  2 white imps
  3 ufetubi
  An adder skeleton (D:4)
  2 dart slugs
  25 orcs
  5 spectral bats (Ossuary)
  5 endoplasms
  2 giant cockroaches
  15 goblins
  4 hobgoblins
  10 jackals
  3 quokkas
  3 ball pythons
  2 bats
  A bat simulacrum (Ossuary)
  A frilled lizard (D:2)
  12 gnoll zombies (Ossuary)
  9 goblin simulacra (Ossuary)
  3 goblin zombies (Ossuary)
  2 hobgoblin zombies (Ossuary)
  23 kobolds
  4 kobold simulacra (Ossuary)
  7 kobold zombies (Ossuary)
  6 orc zombies (Ossuary)
  8 rats
  3 rat simulacra (Ossuary)
  A spectral goblin (Ossuary)
  6 spectral kobolds
  3 spectral rats (Ossuary)
350 creatures vanquished.

Vanquished Creatures (collateral kills)
  A yak (D:11)
  2 bullfrogs (D:11)
  2 orcs (D:11)
  5 foxfires
10 creatures vanquished.

Vanquished Creatures (others)
  583 foxfires
  7 fungi (D:11)
  15 plants
605 creatures vanquished.

Grand Total: 965 creatures vanquished

Notes
Turn   | Place    | Note
-------+----------+-------------------------------------------
     0 | D:1      | pokeman the Deep Elf Hedge Wizard began the quest for the
                  | Orb.
     0 | D:1      | Reached XP level 1. HP: 10/10 MP: 7/7
   315 | D:1      | Found a faded altar of an unknown god.
   542 | D:1      | Reached XP level 2. HP: 16/16 MP: 7/9
  1093 | D:2      | Reached skill level 5 in Spellcasting
  1343 | D:2      | Reached XP level 3. HP: 20/20 MP: 9/11
  1347 | D:2      | Learned a level 3 spell: Mephitic Cloud
  1350 | D:2      | Learned a level 2 spell: Call Imp
  1353 | D:2      | Learned a level 2 spell: Blink
  1357 | D:2      | Learned a level 3 spell: Conjure Flame
  1793 | D:2      | HP: 1/20 [bullfrog skeleton (6)]
  1795 | D:2      | Reached skill level 1 in Fighting
  1795 | D:2      | Reached skill level 1 in Armour
  2183 | D:2      | Reached XP level 4. HP: 25/25 MP: 10/13
  2600 | D:3      | Found a radiant altar of Vehumet.
  2608 | D:3      | Became a worshipper of Vehumet
  2888 | D:3      | Reached skill level 6 in Spellcasting
  2888 | D:3      | Reached skill level 1 in Fire Magic
  2922 | D:3      | Noticed Robin
  2939 | D:3      | Reached XP level 5. HP: 29/29 MP: 9/15
  2983 | D:3      | Killed Robin
  3420 | D:3      | Reached * piety under Vehumet
  3420 | D:3      | Offered knowledge of Sandblast by Vehumet.
  3421 | D:3      | Reached skill level 1 in Air Magic
  4053 | D:4      | Found a snail-covered altar of Cheibriados.
  4054 | D:4      | Found a blossoming altar of Fedhas.
  4054 | D:4      | Found a bloodstained altar of Trog.
  4124 | D:4      | Reached skill level 1 in Poison Magic
  4124 | D:4      | Reached XP level 6. HP: 21/34 MP: 2/17
  4378 | D:4      | Reached skill level 7 in Spellcasting
  4515 | D:4      | Identified the +3 leather armour "Udilec" {Dex+4}
  5189 | D:5      | Entered Level 5 of the Dungeon
  5481 | D:5      | Reached XP level 7. HP: 19/39 MP: 2/20
  5541 | D:5      | Noticed Ijyb
  5690 | D:5      | Killed Ijyb
  5798 | D:5      | Found a broken altar of Ashenzari.
  5812 | D:5      | Reached skill level 8 in Spellcasting
  6137 | D:4      | Reached skill level 1 in Evocations
  6247 | D:5      | Reached ** piety under Vehumet
  6247 | D:5      | Offered knowledge of Foxfire by Vehumet.
  6248 | D:5      | Reached XP level 8. HP: 43/44 MP: 9/22
  6254 | D:5      | Learned a level 1 spell: Foxfire
  6260 | D:5      | Learned a level 5 spell: Lightning Bolt
  6471 | D:5      | Found a basalt altar of Yredelemnul.
  6474 | D:5      | Found a sacrificial altar of Ru.
  6475 | D:5      | Found a sparkling altar of Nemelex Xobeh.
  6733 | D:6      | Reached skill level 9 in Spellcasting
  6834 | D:6      | Noticed Prince Ribbit
  6845 | D:6      | Killed Prince Ribbit
  6947 | D:6      | Reached skill level 5 in Conjurations
  7328 | D:6      | Reached skill level 10 in Spellcasting
  7831 | D:6      | Noticed Menkaure
  7848 | D:6      | Killed Menkaure
  8268 | D:6      | Noticed Grinder
  8282 | D:6      | Killed Grinder
  8283 | D:6      | Reached XP level 9. HP: 30/48 MP: 17/25
  8478 | D:6      | Found a staircase to the Ecumenical Temple.
  8744 | D:6      | Reached skill level 11 in Spellcasting
  8744 | D:6      | Reached skill level 5 in Fire Magic
  8955 | D:6      | Found a glowing silver altar of Zin.
  9123 | D:7      | Identified the +4 ring mail "Gudemmie" {Will- Str+4 Int+10}
  9210 | D:7      | Noticed Harold
  9237 | D:7      | Reached skill level 12 in Spellcasting
  9254 | D:7      | Killed Harold
  9278 | D:7      | Found a sand-covered staircase.
  9374 | Ossuary  | Entered an ossuary
  9554 | Ossuary  | Offered knowledge of Poisonous Vapours by Vehumet.
  9581 | Ossuary  | Reached *** piety under Vehumet
  9729 | Ossuary  | Offered knowledge of Olgreb's Toxic Radiance by Vehumet.
  9869 | Ossuary  | Reached **** piety under Vehumet
 10210 | D:7      | Reached XP level 10. HP: 55/56 MP: 20/28
 10261 | D:7      | Offered knowledge of Dazzling Flash by Vehumet.
 10318 | D:7      | Found a white marble altar of Elyvilon.
 10609 | D:7      | Found an ancient bone altar of Kikubaaqudgha.
 11202 | D:8      | Reached skill level 13 in Spellcasting
 11247 | D:8      | Found a hide-covered altar of Uskayaw.
 11427 | D:8      | Found an ornate altar of the Wu Jian Council.
 11546 | D:8      | Reached skill level 1 in Shields
 12045 | D:9      | Reached skill level 1 in Necromancy
 12843 | D:9      | Reached ***** piety under Vehumet
 12843 | D:9      | Offered knowledge of Flame Wave by Vehumet.
 13056 | D:10     | Entered Level 10 of the Dungeon
 13077 | D:10     | Reached skill level 14 in Spellcasting
 13211 | D:10     | Noticed Fannar
 13236 | D:10     | Killed Fannar
 13237 | D:10     | Reached XP level 11. HP: 12/61 MP: 10/31
 13573 | D:10     | Noticed Josephine
 13587 | D:10     | Killed Josephine
 13923 | D:10     | Noticed an orange crystal statue
 14164 | D:10     | Found a staircase to the Orcish Mines.
 14191 | D:10     | Noticed Psyche
 14198 | D:10     | Killed Psyche
 14484 | D:10     | Learned a level 4 spell: Flame Wave
 14488 | D:10     | Learned a level 3 spell: Swiftness
 14828 | D:11     | Reached skill level 15 in Spellcasting
 15059 | D:11     | Found a staircase to the Lair.
 15064 | D:11     | Found a frozen archway.
 15126 | IceCv    | Entered an ice cave
 15147 | IceCv    | Noticed a death yak
 15160 | IceCv    | Killed a death yak
 15371 | IceCv    | Noticed a death yak
 15379 | IceCv    | Killed a death yak
 15380 | IceCv    | Reached skill level 16 in Spellcasting
 16040 | IceCv    | Noticed a death yak
 16044 | IceCv    | Noticed a death yak
 16050 | IceCv    | Noticed a death yak
 16053 | IceCv    | Killed a death yak
 16054 | IceCv    | Reached XP level 12. HP: 66/66 MP: 25/34
 16056 | IceCv    | Killed a death yak
 16060 | IceCv    | Killed a death yak
 16177 | IceCv    | Noticed a frost giant
 16177 | IceCv    | Noticed a death yak
 16194 | IceCv    | Reached skill level 10 in Conjurations
 16197 | IceCv    | Killed a death yak
 16199 | IceCv    | Reached skill level 17 in Spellcasting
 16212 | IceCv    | Killed from afar by a frost giant

Illustrated notes

Levels and vault maps discovered:
D:1:      psy_arrival_spokes, layout_basic,
          dreamdust_ecumenical_altar_drowned_temple, corner_web_ring,
          minivault_11
D:2:      layout_basic, cheibrodos_gnoll_hut
D:3:      layout_basic, lemuel_crystal_altar, hangedman_decor_growths,
          uniq_robin
D:4:      kennysheep_spiral_hall, layout_loops_cross,
          gammafunk_temple_overflow_forgotten, hangedman_decor_slide_cut
D:5:      layout_cave_pools, grunt_temple_overflow_open, st_stairs_1, uniq_ijyb
D:6:      layout_layer_cave, lemuel_coloured_pillars_altar,
          minmay_temple_entry_overgrown, serial_bayou_lake_a, uniq_grinder,
          uniq_prince_ribbit1, uniq_menkaure
D:7:      layout_basic, elyvilon_altar_3, mainiacjoe_overflow_alcove_1,
          gup_ossuary_entry_pyramid, chequers_jeans, minivault_24, uniq_harold
D:8:      layout_gridville, mainiacjoe_overflow_concentric_impassable,
          general_overflow_altar, skrybe_limestone_x,
          ebering_dispersal_statue_hall
D:9:      layout_irregular_city, minmay_nine_imps
D:10:     layout_gridville, orc_0_dummy, minivault_15, nrook_mini_vaults,
          uniq_psyche, uniq_josephine, uniq_fannar
D:11:     layout_long_grid, grunt_lair_entry_orc_guard_hut,
          portal_ice_cave_entry_pillars_2, special_room [special_room_orc]
IceCv:    ice_cave_small_giant

Skill      XL: |  1  2  3  4  5  6  7  8  9 10 11 12 |
---------------+-------------------------------------+-----
Spellcasting   | 5 6 7 8 10 12 14 16 17 | 17.0
Fighting       | 1 2 3 4 |  4.0
Armour         | 1 3 |  3.8
Conjurations   | 2 3 4 5 7 8 9 10 | 10.1
Fire Magic     | 1 3 4 6 7 9 |  9.5
Dodging        | 3 |  3.2
Air Magic      | 1 |  1.0
Poison Magic   | 1 |  1.0
Stealth        | 3 |  3.0
Evocations     | 1 |  1.2
Shields        | 2 4 |  4.5
Necromancy     | 1 |  1.2
Summonings     | |  1.1
Translocations | |  1.1

Action                   |  1- 3 |  4- 6 |  7- 9 | 10-12 || total
-------------------------+-------+-------+-------+-------++-------
Melee: Dagger            |     5 |     5 |    89 |       ||    99
       Hand axe          |       |    27 |       |       ||    27
       Flail             |       |       |    85 |     8 ||    93
       Staff             |       |       |       |    38 ||    38
 Fire: Arbalest          |       |       |       |     4 ||     4
 Cast: Magic Dart        |    78 |   169 |   100 |     3 ||   350
       Conjure Flame     |     1 |     1 |    29 |    21 ||    52
       Mephitic Cloud    |       |     5 |    21 |    30 ||    56
       Call Imp          |       |     2 |     8 |     5 ||    15
       Blink             |       |     2 |     2 |     4 ||     8
       Foxfire           |       |       |    32 |   299 ||   331
       Lightning Bolt    |       |       |       |    11 ||    11
       Flame Wave        |       |       |       |    15 ||    15
Evoke: Wand              |       |       |       |     1 ||     1
  Use: Scroll            |       |       |       |     6 ||     6
 Stab: Confused          |       |     1 |    10 |     2 ||    13
       Sleeping          |       |       |     8 |       ||     8
       Distracted        |       |       |     1 |       ||     1
Armor: Leather armour    |     6 |    29 |   102 |    92 ||   229
Dodge: Dodged            |    13 |    76 |   162 |   156 ||   407
Block: Buckler           |       |       |       |     2 ||     2

Table legend: (Time is in decaauts)
 A = Elapsed time spent in this place.
 B = Non-inter-level travel time spent in this place.
 C = Inter-level travel time spent in this place.
 D = Time resting spent in this place.
 E = Time spent auto-exploring this place.
 F = Levels seen in this place.
 G = Mean time per level.
                   A        B        C        D        E       F      G
               +--------+--------+--------+--------+--------+-----+--------+
         Total |  16326 |  15736 |    590 |   1788 |  11171 |  13 | 1255.8 |
       Dungeon |  14696 |  14106 |    590 |   1088 |  10712 |  11 | 1336.0 |
       Ossuary |    539 |    539 |      0 |    153 |    139 |   1 |  539.0 |
      Ice Cave |   1091 |   1091 |      0 |    547 |    320 |   1 | 1091.0 |
               +--------+--------+--------+--------+--------+-----+--------+

Top non-repeatable levels by time:
     D:6: 2408 daAuts
     D:4: 2020 daAuts
    D:10: 1795 daAuts
     D:2: 1461 daAuts
     D:7: 1446 daAuts
     D:3: 1394 daAuts
     D:9: 1189 daAuts
   IceCv: 1091 daAuts
     D:1: 987 daAuts
     D:8: 897 daAuts
     D:5: 841 daAuts
 Ossuary: 539 daAuts
    D:11: 252 daAuts
